 Dungeon Crawl Stone Soup version 0.30-a0-587-gfd7c166f36 (webtiles) character file.

Game seed: 10156185203622668850

2374 BlackLaughter the Thaumaturge (level 9, -3/56 HPs)
             Began as a Djinni Conjurer on Jan 4, 2023.
             Was a Believer of Dithmenos.
             Shot with a sling bullet by Joseph (11 damage)
             ... on level 8 of the Dungeon.
             The game lasted 00:53:59 (6532 turns).

BlackLaughter the Thaumaturge (Djinni Conjurer)     Turns: 6532, Time: 00:53:59

Health: -3/56      AC: 11    Str:  6    XL:     9   Next: 73%
Gold:   5          EV: 14    Int: 20    God:    Dithmenos [**....] SH:  0 Dex: 22

rFire   + + +      SeeInvis .    E - +3 scimitar (vamp)
rCold   x . .      Faith    .    (no shield)
rNeg    . . .      Spirit   .    C - +2 leather armour {rF+}
rPois   ∞          Reflect  .    (no helmet)
rElec   .          Harm     .    s - +0 cloak
rCorr   .          Rampage  .    D - +0 pair of gloves
Will    .....                    (boots unavailable)
Stlth   +++                      u - amulet of magic regeneration
HPRegen 0.29/turn                d - +4 ring of protection
MPRegen 0.00/turn                i - +6 ring of dexterity

@: flying, wreathed by umbra
A: sickness immunity, fire resistance 2, cold vulnerability 1, float, innate
caster, HP casting, extra vitality 1
a: Renounce Religion, Shadow Step


You were on level 8 of the Dungeon.
You worshipped Dithmenos.
Dithmenos was pleased with you.
You visited 2 branches of the dungeon, and saw 9 of its levels.

You collected 365 gold pieces.
You spent 360 gold pieces at shops.

Inventory:

Hand Weapons
 e - a +1 whip of venom
 j - a +0 dagger
 r - a +0 rapier
 E - a +3 vampiric scimitar (weapon)
Armour
 a - a +0 robe
 k - a +0 plate armour
 m - a +0 scale mail
 n - a +0 leather armour
 s - a +0 cloak (worn)
 t - a +0 chain mail
 C - a +2 leather armour of fire resistance (worn)
 D - a +0 pair of gloves (worn)
Jewellery
 d - a +4 ring of protection (left hand)
 f - an amulet of the acrobat
 i - a +6 ring of dexterity (right hand)
 o - a +4 ring of protection
 u - an amulet of magic regeneration (around neck)
Wands
 g - a wand of flame (44)
 w - a wand of light (4)
 y - a wand of mindburst (7)
 z - a wand of polymorph (6)
Scrolls
 l - a scroll of fear
 p - a scroll of blinking {unknown}
 q - 4 scrolls of teleportation
 v - 2 scrolls of immolation
 B - a scroll of enchant armour
Potions
 b - a potion of magic
 x - a potion of attraction {unknown}
 A - a potion of flight {unknown}


   Skills:
 + Level 0.3 Fighting
 + Level 0.1 Long Blades
 + Level 3.3 Armour
 + Level 4.1 Dodging
 + Level 2.6 Stealth
 + Level 9.2 Spellcasting


You had 2 spell levels left.
You knew the following spells:

 Your Spells              Type           Power      Damage    Failure   Level
a - Magic Dart            Conj           100%       1d8       1%          1
b - Searing Ray           Conj           92%        2d7       1%          2
c - Dazzling Flash        Conj/Hex       92%        N/A       1%          3
d - Fulminant Prism       Conj/Hex       23%        3d12      2%          4
e - Iskenderun's Mystic   Conj/Tloc      46%        2d10      2%          4
f - Slow                  Hex            100%       N/A       1%          1
g - Wereblood             Tmut           46%        N/A       1%          2
h - Swiftness             Air            46%        N/A       1%          3
i - Summon Ice Beast      Ice/Summ       46%        N/A       2%          4
Your spell library was empty.

Dungeon Overview and Level Annotations

Branches:
Dungeon (8/15)             Temple (1/1) D:4
   Lair: D:8-11

Altars:
Ashenzari
Cheibriados
Dithmenos
Elyvilon
Fedhas
Gozag
Hepliaklqana
Makhleb
Nemelex Xobeh
Okawaru
Qazlal
Ru
Uskayaw
Wu Jian
Xom
Yredelemnul
Zin
The Shining One

Shops:
D:7 (

Annotations:
D:8 Joseph


Innate Abilities, Weirdness & Mutations

You are immune to sickness and miasma.
You are immune to poison.
Your flesh is very heat resistant. (rF++)
You are vulnerable to cold. (rC-)
You float through the air rather than walking.
You learn spells naturally, not from books.
Your magical power is your life essence.
You have superior vitality. (+4 MHP)


Message History

The black bear claws you but does no damage.
You feel better.
The black bear bites you but does no damage.
The black bear claws you but does no damage.
The black bear barely misses you.
Joseph shoots a sling bullet.
The sling bullet closely misses you.
You feel better. The black bear bites you. The black bear claws you.
The black bear misses you.
Joseph shoots a sling bullet.
The sling bullet hits you but does no damage.
The black bear misses you. The black bear claws you. x2
Joseph shoots a sling bullet.
The sling bullet closely misses you.
Joseph shoots a sling bullet.
The sling bullet hits you but does no damage.
The black bear bites you. The black bear closely misses you.
The black bear barely misses you.
Casting: Searing Ray (safe; 1% risk of failure)
Confirm with . or Enter, or press ? or * to list all spells.
Aiming: Searing Ray (safe; 1% risk of failure)
Press: ? - help, Shift-Dir - straight line, f/p - black bear
Aim: a black bear (severely wounded, berserk, umbra, 87% to hit)
The searing ray hits the black bear.
The black bear is almost dead. (Press . to maintain the ray.)
* * * LOW HITPOINT WARNING * * *
The black bear closely misses you. The black bear claws you.
* * * LOW HITPOINT WARNING * * *
The black bear claws you.
* * * LOW HITPOINT WARNING * * *
Joseph shoots a sling bullet.
The sling bullet barely misses you. The black bear misses you.
The black bear claws you.
* * * LOW HITPOINT WARNING * * *
The black bear barely misses you.
The searing ray hits the black bear!
You kill the black bear!
Dithmenos accepts your kill.
* * * LOW HITPOINT WARNING * * *
Joseph shoots a sling bullet.
The sling bullet barely misses you.
You reach down and open the door.
Joseph shoots a sling bullet.
The sling bullet hits you!
You die...

#.?.##.......#
+.....)......######
#...........##....##
#..................#
#...##@.....##.....#
#...##......##.....#
######.......#..<..#
#...##.......#....##
#...'@.......#.....#
#...#......>.#.....#
#.. #######..#######
#. ...# # ..# ..# .#


You could see Joseph.

Vanquished Creatures
  Sigmund (D:5)
  An orc warrior (D:7)
  An ice beast (D:7)
  A sky beast (D:7)
  2 black bears
  An ogre (D:7)
  2 phantoms (D:5)
  A bullfrog (D:8)
  3 necrophages
  4 scorpions
  3 howler monkeys (D:7)
  2 jellies
  3 orc priests
  4 hounds
  Crazy Yiuf (D:6)
  2 gnoll boudas
  5 iguanas
  Natasha (thrice) (D:3)
  2 orc wizards
  Terence (D:2)
  9 adders
  10 gnolls
  A white imp (D:5)
  2 worms
  A dart slug (D:2)
  17 orcs
  5 bats
  10 endoplasms
  3 giant cockroaches
  8 goblins
  9 hobgoblins
  4 jackals
  3 quokkas (D:4)
  13 ball pythons
  5 frilled lizards
  5 kobolds
  3 rats
  A spectral hobgoblin (D:6)
  6 fulminant prisms
158 creatures vanquished.

Vanquished Creatures (others)
  54 fulminant prisms
  A plant (D:6)
55 creatures vanquished.

Grand Total: 213 creatures vanquished

Notes
Turn   | Place    | Note
-------+----------+-------------------------------------------
     0 | D:1      | BlackLaughter the Djinni Conjurer began the quest for the
                  | Orb.
     0 | D:1      | BlackLaughter set off with the following spells memorised:
                  | Magic Dart, Searing Ray, Dazzling Flash, Fulminant Prism,
                  | Iskenderun's Mystic Blast.
     0 | D:1      | Reached XP level 1. HP: 15/15 MP: 0/0
    92 | D:1      | Reached XP level 2. HP: 19/21 MP: 0/0
   511 | D:1      | Reached XP level 3. HP: 22/25 MP: 0/0
   511 | D:1      | Learned a level 1 spell: Slow
   837 | D:2      | Reached skill level 4 in Spellcasting
  1195 | D:2      | Noticed Terence
  1202 | D:2      | Killed Terence
  1203 | D:2      | Reached XP level 4. HP: 17/31 MP: 0/0
  1526 | D:2      | Identified a scroll of acquirement
  1526 | D:2      | Acquired an amulet of the acrobat
  1598 | D:3      | Noticed Natasha
  1602 | D:3      | Killed Natasha
  1603 | D:3      | Reached XP level 5. HP: 31/35 MP: 0/0
  1603 | D:3      | Learned a level 2 spell: Wereblood
  1729 | D:3      | Noticed Natasha
  1733 | D:3      | Killed Natasha
  1800 | D:3      | Reached skill level 5 in Spellcasting
  1898 | D:3      | Reached XP level 6. HP: 32/40 MP: 0/0
  1998 | D:3      | Noticed Natasha
  2007 | D:3      | Killed Natasha
  2014 | D:3      | Found a glowing silver altar of Zin.
  2669 | D:4      | Found a sparkling altar of Nemelex Xobeh.
  2673 | D:4      | Identified the +0 robe "Xeneaf Ixumn" {rPois rCorr Stlth-}
  2870 | D:4      | Reached skill level 1 in Armour
  3011 | D:4      | Found a staircase to the Ecumenical Temple.
  3026 | Temple   | Entered the Ecumenical Temple
  3082 | Temple   | Became a worshipper of Dithmenos the Shadowed
  3325 | D:4      | Reached XP level 7. HP: 32/45 MP: 0/0
  3325 | D:4      | Learned a level 3 spell: Swiftness
  3530 | D:4      | Reached skill level 6 in Spellcasting
  3737 | D:5      | Entered Level 5 of the Dungeon
  3750 | D:5      | Noticed Sigmund
  3762 | D:5      | Killed Sigmund
  3769 | D:5      | Reached XP level 8. HP: 16/50 MP: 0/0
  3935 | D:5      | Identified the +5 hand axe of Pepuicw {elec, rC+ Dex+5}
  3959 | D:5      | Reached skill level 7 in Spellcasting
  3977 | D:5      | Reached * piety under Dithmenos
  4629 | D:6      | Found an iron altar of Okawaru.
  4898 | D:6      | Reached skill level 8 in Spellcasting
  4898 | D:6      | Reached XP level 9. HP: 48/55 MP: 0/0
  4898 | D:6      | Learned a level 4 spell: Summon Ice Beast
  5058 | D:6      | Found a glowing golden altar of the Shining One.
  5072 | D:6      | Found a white marble altar of Elyvilon.
  5086 | D:6      | Found a snail-covered altar of Cheibriados.
  5101 | D:6      | Found an ornate altar of the Wu Jian Council.
  5274 | D:6      | Found a hazy altar of Hepliaklqana.
  5505 | D:6      | Found a runed translucent door.
  5506 | D:6      | Noticed Crazy Yiuf
  5516 | D:6      | Killed Crazy Yiuf
  5723 | D:7      | Found Honk's Weapon Boutique.
  5836 | D:7      | Reached ** piety under Dithmenos
  5959 | D:7      | Found a sacrificial altar of Ru.
  6003 | D:7      | Bought a +2 vampiric scimitar for 360 gold pieces
  6231 | D:7      | Reached skill level 9 in Spellcasting
  6325 | D:7      | Identified the +3 scale mail of Trumpets {Dex+4}
  6491 | D:8      | Noticed Joseph
  6532 | D:8      | Shot with a sling bullet by Joseph

Illustrated notes

Levels and vault maps discovered:
D:1:      dpeg_arrival_erosion, layout_basic
D:2:      minmay_spotlight, layout_loops_ring, chequers_mini_garden,
          minmay_misc_feat_rows, uniq_terence
D:3:      layout_basic, zin_statuary, kennysheep_decorative_pillar, uniq_natasha
D:4:      layout_cave_pools, mainiacjoe_overflow_alcove_2,
          minmay_temple_entry_slanted, minmay_quantized
D:5:      layout_cave_pools, serial_bayou_crossing, uniq_sigmund
D:6:      layout_cave_pools, okawaru_gym_becter,
          nicolae_overflow_quartered_altars,
          nicolae_hepliaklqana_monster_ancestors, serial_bayou_pond_a,
          hex_large, uniq_crazy_yiuf_cottage
D:7:      layout_gridville, mainiacjoe_overflow_concentric_impassable,
          serial_shops, nicolae_inconvenience_store
D:8:      layout_gridville, nicolae_vehumet_altar_sigil, trog_ov_bears_minmay,
          erik_lair_dragon, grunt_decor_mini_mirrors, minmay_bent, uniq_maggie,
          uniq_erica, uniq_joseph
Temple:   minmay_temple_curvy_loop

Skill      XL: |  1  2  3  4  5  6  7  8  9 |
---------------+----------------------------+-----
Spellcasting   | 4 5 6 8 9 |  9.2
Stealth        | 2 |  2.6
Armour         | 1 2 3 |  3.3
Dodging        | 3 4 |  4.1
Fighting       | |  0.3
Long Blades    | |  0.1

Action                   |  1- 3 |  4- 6 |  7- 9 || total
-------------------------+-------+-------+-------++-------
Melee: Scimitar          |       |       |     4 ||     4
 Cast: Magic Dart        |    52 |    84 |    47 ||   183
       Searing Ray       |     6 |     7 |    30 ||    43
       Fulminant Prism   |       |     3 |    58 ||    61
       Wereblood         |       |       |     1 ||     1
  Use: Scroll            |       |     7 |     7 ||    14
       Potion            |       |     4 |     5 ||     9
Armor: Robe              |     1 |       |       ||     1
       Leather armour    |       |     1 |    32 ||    33
Dodge: Dodged            |     1 |     8 |    69 ||    78

Table legend: (Time is in decaauts)
 A = Elapsed time spent in this place.
 B = Non-inter-level travel time spent in this place.
 C = Inter-level travel time spent in this place.
 D = Time resting spent in this place.
 E = Time spent auto-exploring this place.
 F = Levels seen in this place.
 G = Mean time per level.
                   A        B        C        D        E       F      G
               +--------+--------+--------+--------+--------+-----+--------+
         Total |   6531 |   5982 |    549 |    970 |   4140 |   9 |  725.7 |
       Dungeon |   6299 |   5826 |    473 |    970 |   3990 |   8 |  787.4 |
        Temple |    231 |    155 |     76 |      0 |    150 |   1 |  231.0 |
               +--------+--------+--------+--------+--------+-----+--------+

Top non-repeatable levels by time:
     D:5: 1077 daAuts
     D:3: 1066 daAuts
     D:4: 867 daAuts
     D:6: 854 daAuts
     D:1: 831 daAuts
     D:7: 785 daAuts
     D:2: 737 daAuts
  Temple: 231 daAuts
     D:8: 78 daAuts
